Workbook
Name _tds1: #REF!
Name _tds1: #REF!
Name _tds2: #REF!
Name _tds2: #REF!
Name AIR.Code001: #REF!
Name AIR.Code001: #REF!
Name AIR.Code002: #REF!
Name AIR.Code002: #REF!
Name AIR.Code003: #REF!
Name AIR.Code003: #REF!
Name AIR.Code004: #REF!
Name AIR.Code004: #REF!
Name AIR.Code005: #REF!
Name AIR.Code005: #REF!
Name AIR.Code006: #REF!
Name AIR.Code006: #REF!
Name AIR.Code007: #REF!
Name AIR.Code007: #REF!
Name AIR.Code008: #REF!
Name AIR.Code008: #REF!
Name AIR.TaxExmpIntInc: #REF!
Name AIR.TaxExmpIntInc: #REF!
Name Bank1: #REF!
Name Bank1: #REF!
Name Bank10: #REF!
Name Bank10: #REF!
Name Bank11: #REF!
Name Bank11: #REF!
Name Bank12: #REF!
Name Bank12: #REF!
Name Bank2: #REF!
Name Bank2: #REF!
Name Bank3: #REF!
Name Bank3: #REF!
Name Bank4: #REF!
Name Bank4: #REF!
Name Bank5: #REF!
Name Bank5: #REF!
Name Bank6: #REF!
Name Bank6: #REF!
Name Bank6PCAR: #REF!
Name Bank6PCAR: #REF!
Name Bank7: #REF!
Name Bank7: #REF!
Name Bank8: #REF!
Name Bank8: #REF!
Name Bank9: #REF!
Name Bank9: #REF!
Name BankAccNo: #REF!
Name BankAccNo: #REF!
Name BankArrear: #REF!
Name BankArrear: #REF!
Name BankArrear0: #REF!
Name BankArrear0: #REF!
Name BankArrear1: #REF!
Name BankArrear1: #REF!
Name BankArrear2: #REF!
Name BankArrear2: #REF!
Name BankArrear3: #REF!
Name BankArrear3: #REF!

Sheet Salary
C2: NPS | D2: Yes | E2: INCREAMENT MONTH | I2: JULY | L2: BONUS | O2: Yes | S2: HILL ALLOWANCE | X2: 420 | AA2: HRA | AB2: LEVEL | AD2: B-2 | AE2: JANUARY
C3: SENIOR CITIZEN | I3: No | AD3: C | AE3: JULY
C4: MARCH 2022 BASIC | I4: 41100 | AA4: B-2 | AB4: L-6 | AD4: Non Cat.
AD5: No HRA
Y6: =Z6&" / "&AA6 -> B-2 / L-1 | Z6: B-2 | AA6: L-1 | AB6: 2500
Y7: =Z7&" / "&AA7 -> B-2 / L-2 | Z7: B-2 | AA7: L-2 | AB7: 2500
Y8: =Z8&" / "&AA8 -> B-2 / L-3 | Z8: B-2 | AA8: L-3 | AB8: 2650
Y9: =Z9&" / "&AA9 -> B-2 / L-4 | Z9: B-2 | AA9: L-4 | AB9: 3100
Y10: =Z10&" / "&AA10 -> B-2 / L-5 | Z10: B-2 | AA10: L-5 | AB10: 3550
Y11: =Z11&" / "&AA11 -> B-2 / L-6 | Z11: B-2 | AA11: L-6 | AB11: 4250
Y12: =Z12&" / "&AA12 -> B-2 / L-7 | Z12: B-2 | AA12: L-7 | AB12: 5400
Y13: =Z13&" / "&AA13 -> B-2 / L-8 | Z13: B-2 | AA13: L-8 | AB13: 5750
Y14: =Z14&" / "&AA14 -> B-2 / L-9 | Z14: B-2 | AA14: L-9 | AB14: 6400
Y15: =Z15&" / "&AA15 -> B-2 / L-10 | Z15: B-2 | AA15: L-10 | AB15: 6750
Y16: =Z16&" / "&AA16 -> B-2 / L-11 | Z16: B-2 | AA16: L-11 | AB16: 8150
Y17: =Z17&" / "&AA17 -> B-2 / L-12 | Z17: B-2 | AA17: L-12 | AB17: 9500
... Y60: =Z60&" / "&AA60 -> No HRA / L-1 | Z60: No HRA | AA60: L-1 | AB60: 0
Y61: =Z61&" / "&AA61 -> No HRA / L-2 | Z61: No HRA | AA61: L-2
Y62: =Z62&" / "&AA62 -> No HRA / L-3 | Z62: No HRA | AA62: L-3
Y63: =Z63&" / "&AA63 -> No HRA / L-4 | Z63: No HRA | AA63: L-4
Y64: =Z64&" / "&AA64 -> No HRA / L-5 | Z64: No HRA | AA64: L-5
Y65: =Z65&" / "&AA65 -> No HRA / L-6 | Z65: No HRA | AA65: L-6
Y66: =Z66&" / "&AA66 -> No HRA / L-7 | Z66: No HRA | AA66: L-7
Y67: =Z67&" / "&AA67 -> No HRA / L-8 | Z67: No HRA | AA67: L-8
Y68: =Z68&" / "&AA68 -> No HRA / L-9 | Z68: No HRA | AA68: L-9
Y69: =Z69&" / "&AA69 -> No HRA / L-10 | Z69: No HRA | AA69: L-10
Y70: =Z70&" / "&AA70 -> No HRA / L-11 | Z70: No HRA | AA70: L-11
Y71: =Z71&" / "&AA71 -> No HRA / L-12 | Z71: No HRA | AA71: L-12
Y72: =Z72&" / "&AA72 -> No HRA / L-13 | Z72: No HRA | AA72: L-13
... Y77: =Z77&" / "&AA77 -> No HRA / L-17 | Z77: No HRA | AA77: L-17
C79: Agriculture Department, Uttarakhand
C80: Incometax Computation Financial (2022-23) Assessment Year (2023-24)
C81: EHRMS ID | F81: EMPLOYEE NAME | L81: Parmanand Meghwal | R81: SEX | T81: MALE | X81: BANK NAME | AA81: DCB AURANGABAD | AD81: Yes | AE81: BORDER ALLOWANCE
C82: EMPLOYEE ID | F82: FAHER'S NAME | L82: Bhanwar Lal | R82: ADHAR NO. | T82: 699056365783 | X82: A/C NO. | AA82: 00820000002794 | AD82: No | AE82: HILL ALLOWANCE
C83: PAN NO. | D83: ABCDW1223U | F83: DESIGNATION | L83: TEACHER | R83: BLOCK | T83: LAKHAWTI | X83: BRANCH NAME | AA83: AURANGABAD | AD83: Yes | AE83: Yes
C84: MOBILE NO. | F84: DATE OF BIRTH | L84: 02-03-1983 | R84: GRADE PAY | T84: 1800 | X84: IFSC CODE | AA84: UPCB000BULND | AD84: No | AE84: No
C85: RECEIPTS | P85: DEDUCTIONS | AA85: Net Cash Payment | AB85: Bill No. & T.V. No.
C86: Month | D86: Basic Pay | E86: D.A. | F86: HRA | G86: NPS (Govt Cont.) | H86: =IF(S2="BORDER ALLOWANCE","Border Allowance","Hill Allowance") -> Hill Allowance | I86: Washing Allow. | J86: C.P.A. | K86: Handicap Allow | L86: Medical Allowance | M86: Whicle Allowance | N86: Other Allowance | O86: Gross Salary | P86: =IF(D2="No","GPF","NPS (Emp. Cont.)") -> NPS (Emp. Cont.) | Q86: NPS (Govt Cont.) | R86: GIS | S86: PPF | T86: LIC | U86: Govt Vehicle Recovery Allow. deduction | V86: CM Relief | W86: SGHS Recover | X86: Income Tax / TDS | Y86: Other Deduction | Z86: Total Deduction
B87: 3 | C87: 44621 | D87: =I4 -> 41100 | E87: =ROUND(31%*D87,0) -> 12741 | F87: =VLOOKUP(AA4&" / "&AB4,Y5:AB78,4,0) -> 4250 | G87: =IF($D$2="Yes",ROUND((D87+E87)*0.14,0),IF($D$2="No",0)) -> 7538 | H87: =X2 -> 420 | I87: 0 | J87: 0 | K87: 0 | L87: 0 | M87: 1200 | O87: =SUM(D87:N87) -> 67249 | P87: =IF($D$2="Yes",ROUND((D87+E87)*0.1,0),IF($D$2="No",ROUND((D87)*0.1,0))) -> 5384 | Q87: =G87 -> 7538 | R87: 0 | S87: 0 | T87: 0 | U87: 2000 | X87: 5000 | Z87: =SUM(P87:Y87) -> 19922 | AA87: =O87-Z87 -> 47327 | AD87: L-1
B88: 4 | C88: 44652 | D88: =D87 -> 41100 | E88: =ROUND(31%*D88,0) -> 12741 | F88: =F87 -> 4250 | G88: =IF($D$2="Yes",ROUND((D88+E88)*0.14,0),IF($D$2="No",0)) -> 7538 | H88: =H87 -> 420 | I88: =IF(I$87=0,0,I87) -> 0 | J88: =IF(J$87=0,0,J87) -> 0 | K88: =IF(K$87=0,0,K87) -> 0 | L88: =IF(L$87=0,0,L87) -> 0 | M88: =M87 -> 1200 | O88: =SUM(D88:N88) -> 67249 | P88: =IF($D$2="Yes",ROUND((D88+E88)*0.1,0),IF($D$2="No",ROUND((D88)*0.1,0))) -> 5384 | Q88: =G88 -> 7538 | R88: =R87 -> 0 | S88: =S87 -> 0 | T88: =T87 -> 0 | U88: =U87 -> 2000 | V88: =V87 -> 0 | W88: =W87 -> 0 | X88: =X87 -> 5000 | Y88: =Y87 -> 0 | Z88: =SUM(P88:Y88) -> 19922 | AA88: =O88-Z88 -> 47327 | AD88: L-2
B89: 5 | C89: 44682 | D89: =D88 -> 41100 | E89: =ROUND(31%*D89,0) -> 12741 | F89: =F88 -> 4250 | G89: =IF($D$2="Yes",ROUND((D89+E89)*0.14,0),IF($D$2="No",0)) -> 7538 | H89: =H88 -> 420 | I89: =IF(I$87=0,0,I88) -> 0 | J89: =IF(J$87=0,0,J88) -> 0 | K89: =IF(K$87=0,0,K88) -> 0 | L89: =IF(L$87=0,0,L88) -> 0 | M89: =M88 -> 1200 | O89: =SUM(D89:N89) -> 67249 | P89: =IF($D$2="Yes",ROUND((D89+E89)*0.1,0),IF($D$2="No",ROUND((D89)*0.1,0))) -> 5384 | Q89: =G89 -> 7538 | R89: =R88 -> 0 | S89: =S88 -> 0 | T89: =T88 -> 0 | U89: =U88 -> 2000 | V89: =V88 -> 0 | W89: =W88 -> 0 | X89: =X88 -> 5000 | Y89: =Y88 -> 0 | Z89: =SUM(P89:Y89) -> 19922 | AA89: =O89-Z89 -> 47327 | AD89: L-3
B90: 6 | C90: 44713 | D90: =D89 -> 41100 | E90: =ROUND(34%*D90,0) -> 13974 | F90: =F89 -> 4250 | G90: =IF($D$2="Yes",ROUND((D90+E90)*0.14,0),IF($D$2="No",0)) -> 7710 | H90: =H89 -> 420 | I90: =IF(I$87=0,0,I89) -> 0 | J90: =IF(J$87=0,0,J89) -> 0 | K90: =IF(K$87=0,0,K89) -> 0 | L90: =IF(L$87=0,0,L89) -> 0 | M90: =M89 -> 1200 | O90: =SUM(D90:N90) -> 68654 | P90: =IF($D$2="Yes",ROUND((D90+E90)*0.1,0),IF($D$2="No",ROUND((D90)*0.1,0))) -> 5507 | Q90: =G90 -> 7710 | R90: =R89 -> 0 | S90: =S89 -> 0 | T90: =T89 -> 0 | U90: =U89 -> 2000 | V90: =V89 -> 0 | W90: =W89 -> 0 | X90: =X89 -> 5000 | Y90: =Y89 -> 0 | Z90: =SUM(P90:Y90) -> 20217 | AA90: =O90-Z90 -> 48437 | AD90: L-4
B91: 7 | C91: 44743 | D91: =IF(I2="JULY",MROUND(ROUND(1.03*D90,0),100),D90) -> 42300 | E91: =ROUND(34%*D91,0) -> 14382 | F91: =F90 -> 4250 | G91: =IF($D$2="Yes",ROUND((D91+E91)*0.14,0),IF($D$2="No",0)) -> 7935 | H91: =H90 -> 420 | I91: =IF(I$87=0,0,I90) -> 0 | J91: =IF(J$87=0,0,J90) -> 0 | K91: =IF(K$87=0,0,K90) -> 0 | L91: =IF(L$87=0,0,L90) -> 0 | M91: =M90 -> 1200 | O91: =SUM(D91:N91) -> 70487 | P91: =IF($D$2="Yes",ROUND((D91+E91)*0.1,0),IF($D$2="No",ROUND((D91)*0.1,0))) -> 5668 | Q91: =G91 -> 7935 | R91: =R90 -> 0 | S91: =S90 -> 0 | T91: =T90 -> 0 | U91: =U90 -> 2000 | V91: =V90 -> 0 | W91: =W90 -> 0 | X91: =X90 -> 5000 | Y91: =Y90 -> 0 | Z91: =SUM(P91:Y91) -> 20603 | AA91: =O91-Z91 -> 49884 | AD91: L-5
B92: 8 | C92: 44774 | D92: =D91 -> 42300 | E92: =ROUND(34%*D92,0) -> 14382 | F92: =F91 -> 4250 | G92: =IF($D$2="Yes",ROUND((D92+E92)*0.14,0),IF($D$2="No",0)) -> 7935 | H92: =H91 -> 420 | I92: =IF(I$87=0,0,I91) -> 0 | J92: =IF(J$87=0,0,J91) -> 0 | K92: =IF(K$87=0,0,K91) -> 0 | L92: =IF(L$87=0,0,L91) -> 0 | M92: =M91 -> 1200 | O92: =SUM(D92:N92) -> 70487 | P92: =IF($D$2="Yes",ROUND((D92+E92)*0.1,0),IF($D$2="No",ROUND((D92)*0.1,0))) -> 5668 | Q92: =G92 -> 7935 | R92: =R91 -> 0 | S92: =S91 -> 0 | T92: =T91 -> 0 | U92: =U91 -> 2000 | V92: =V91 -> 0 | W92: =W91 -> 0 | X92: =X91 -> 5000 | Y92: =Y91 -> 0 | Z92: =SUM(P92:Y92) -> 20603 | AA92: =O92-Z92 -> 49884 | AD92: L-6
B93: 9 | C93: 44805 | D93: =D92 -> 42300 | E93: =ROUND(34%*D93,0) -> 14382 | F93: =F92 -> 4250 | G93: =IF($D$2="Yes",ROUND((D93+E93)*0.14,0),IF($D$2="No",0)) -> 7935 | H93: =H92 -> 420 | I93: =IF(I$87=0,0,I92) -> 0 | J93: =IF(J$87=0,0,J92) -> 0 | K93: =IF(K$87=0,0,K92) -> 0 | L93: =IF(L$87=0,0,L92) -> 0 | M93: =M92 -> 1200 | O93: =SUM(D93:N93) -> 70487 | P93: =IF($D$2="Yes",ROUND((D93+E93)*0.1,0),IF($D$2="No",ROUND((D93)*0.1,0))) -> 5668 | Q93: =G93 -> 7935 | R93: =R92 -> 0 | S93: =S92 -> 0 | T93: =T92 -> 0 | U93: =U92 -> 2000 | V93: =V92 -> 0 | W93: =W92 -> 0 | X93: =X92 -> 5000 | Y93: =Y92 -> 0 | Z93: =SUM(P93:Y93) -> 20603 | AA93: =O93-Z93 -> 49884 | AD93: L-7
B94: 10 | C94: 44835 | D94: =D93 -> 42300 | E94: =ROUND(34%*D94,0) -> 14382 | F94: =F93 -> 4250 | G94: =IF($D$2="Yes",ROUND((D94+E94)*0.14,0),IF($D$2="No",0)) -> 7935 | H94: =H93 -> 420 | I94: =IF(I$87=0,0,I93) -> 0 | J94: =IF(J$87=0,0,J93) -> 0 | K94: =IF(K$87=0,0,K93) -> 0 | L94: =IF(L$87=0,0,L93) -> 0 | M94: =M93 -> 1200 | O94: =SUM(D94:N94) -> 70487 | P94: =IF($D$2="Yes",ROUND((D94+E94)*0.1,0),IF($D$2="No",ROUND((D94)*0.1,0))) -> 5668 | Q94: =G94 -> 7935 | R94: =R93 -> 0 | S94: =S93 -> 0 | T94: =T93 -> 0 | U94: =U93 -> 2000 | V94: =V93 -> 0 | W94: =W93 -> 0 | X94: =X93 -> 5000 | Y94: =Y93 -> 0 | Z94: =SUM(P94:Y94) -> 20603 | AA94: =O94-Z94 -> 49884 | AD94: L-8
B95: 11 | C95: 44866 | D95: =D94 -> 42300 | E95: =ROUND(34%*D95,0) -> 14382 | F95: =F94 -> 4250 | G95: =IF($D$2="Yes",ROUND((D95+E95)*0.14,0),IF($D$2="No",0)) -> 7935 | H95: =H94 -> 420 | I95: =IF(I$87=0,0,I94) -> 0 | J95: =IF(J$87=0,0,J94) -> 0 | K95: =IF(K$87=0,0,K94) -> 0 | L95: =IF(L$87=0,0,L94) -> 0 | M95: =M94 -> 1200 | O95: =SUM(D95:N95) -> 70487 | P95: =IF($D$2="Yes",ROUND((D95+E95)*0.1,0),IF($D$2="No",ROUND((D95)*0.1,0))) -> 5668 | Q95: =G95 -> 7935 | R95: =R94 -> 0 | S95: =S94 -> 0 | T95: =T94 -> 0 | U95: =U94 -> 2000 | V95: =V94 -> 0 | W95: =W94 -> 0 | X95: =X94 -> 5000 | Y95: =Y94 -> 0 | Z95: =SUM(P95:Y95) -> 20603 | AA95: =O95-Z95 -> 49884 | AD95: L-9
B96: 12 | C96: 44896 | D96: =D95 -> 42300 | E96: =ROUND(34%*D96,0) -> 14382 | F96: =F95 -> 4250 | G96: =IF($D$2="Yes",ROUND((D96+E96)*0.14,0),IF($D$2="No",0)) -> 7935 | H96: =H95 -> 420 | I96: =IF(I$87=0,0,I95) -> 0 | J96: =IF(J$87=0,0,J95) -> 0 | K96: =IF(K$87=0,0,K95) -> 0 | L96: =IF(L$87=0,0,L95) -> 0 | M96: =M95 -> 1200 | O96: =SUM(D96:N96) -> 70487 | P96: =IF($D$2="Yes",ROUND((D96+E96)*0.1,0),IF($D$2="No",ROUND((D96)*0.1,0))) -> 5668 | Q96: =G96 -> 7935 | R96: =R95 -> 0 | S96: =S95 -> 0 | T96: =T95 -> 0 | U96: =U95 -> 2000 | V96: =V95 -> 0 | W96: =W95 -> 0 | X96: =X95 -> 5000 | Z96: =SUM(P96:Y96) -> 20603 | AA96: =O96-Z96 -> 49884 | AD96: L-10
B97: 1 | C97: 44927 | D97: =IF(I2="JANUARY",MROUND(ROUND(1.03*D96,0),100),D96) -> 42300 | E97: =ROUND(34%*D97,0) -> 14382 | F97: =F96 -> 4250 | G97: =IF($D$2="Yes",ROUND((D97+E97)*0.14,0),IF($D$2="No",0)) -> 7935 | H97: =H96 -> 420 | I97: =IF(I$87=0,0,I96) -> 0 | J97: =IF(J$87=0,0,J96) -> 0 | K97: =IF(K$87=0,0,K96) -> 0 | L97: =IF(L$87=0,0,L96) -> 0 | M97: =M96 -> 1200 | O97: =SUM(D97:N97) -> 70487 | P97: =IF($D$2="Yes",ROUND((D97+E97)*0.1,0),IF($D$2="No",ROUND((D97)*0.1,0))) -> 5668 | Q97: =G97 -> 7935 | R97: =R96 -> 0 | S97: =S96 -> 0 | T97: =T96 -> 0 | U97: =U96 -> 2000 | V97: =V96 -> 0 | W97: =W96 -> 0 | X97: =X96 -> 5000 | Z97: =SUM(P97:Y97) -> 20603 | AA97: =O97-Z97 -> 49884 | AD97: L-11
B98: 2 | C98: 44958 | D98: =D97 -> 42300 | E98: =ROUND(34%*D98,0) -> 14382 | F98: =F97 -> 4250 | G98: =IF($D$2="Yes",ROUND((D98+E98)*0.14,0),IF($D$2="No",0)) -> 7935 | H98: =H97 -> 420 | I98: =IF(I$87=0,0,I97) -> 0 | J98: =IF(J$87=0,0,J97) -> 0 | K98: =IF(K$87=0,0,K97) -> 0 | L98: =IF(L$87=0,0,L97) -> 0 | M98: =M97 -> 1200 | O98: =SUM(D98:N98) -> 70487 | P98: =IF($D$2="Yes",ROUND((D98+E98)*0.1,0),IF($D$2="No",ROUND((D98)*0.1,0))) -> 5668 | Q98: =G98 -> 7935 | R98: =R97 -> 0 | S98: =S97 -> 0 | T98: =T97 -> 0 | U98: =U97 -> 2000 | V98: =V97 -> 0 | W98: =W97 -> 0 | X98: =X97 -> 5000 | Z98: =SUM(P98:Y98) -> 20603 | AA98: =O98-Z98 -> 49884 | AD98: L-12
C99: DA Arrear | E99: =(ROUND(34%*D87,0)-ROUND(31%*D87,0))*5 -> 6165 | G99: =IF($D$2="Yes",ROUND((D99+E99)*0.14,0),IF($D$2="No",0)) -> 863 | O99: =SUM(D99:N99) -> 7028 | P99: =IF($D$2="Yes",ROUND((D99+E99)*0.1,0),IF($D$2="No",ROUND((D99)*0.1,0))) -> 617 | Q99: =G99 -> 863 | T99: 0 | Z99: =SUM(P99:Y99) -> 1480 | AA99: =O99-Z99 -> 5548 | AD99: L-13
C100: DA Arrear | E100: =(ROUND(38%*D91,0)-ROUND(34%*D91,0))*4 -> 6768 | G100: =IF($D$2="Yes",ROUND((D100+E100)*0.14,0),IF($D$2="No",0)) -> 948 | O100: =SUM(D100:N100) -> 7716 | P100: =IF($D$2="Yes",ROUND((D100+E100)*0.1,0),IF($D$2="No",ROUND((D100)*0.1,0))) -> 677 | Q100: =G100 -> 948 | Z100: =SUM(P100:Y100) -> 1625 | AA100: =O100-Z100 -> 6091 | AD100: L-13A
C101: Bonus | D101: =IF(O2="Yes",6908,0) -> 6908 | O101: =SUM(D101:N101) -> 6908 | Z101: =SUM(P101:Y101) -> 0 | AA101: =O101-Z101 -> 6908 | AD101: L-14
C102: Fixation Arrear | O102: =SUM(D102:N102) -> 0 | Z102: =SUM(P102:Y102) -> 0 | AA102: =O102-Z102 -> 0 | AD102: L-15
C103: Salary Arrear 1 | O103: =SUM(D103:N103) -> 0 | Z103: =SUM(P103:Y103) -> 0 | AA103: =O103-Z103 -> 0 | AD103: L-16
C104: Salary Arrear 2 | O104: =SUM(D104:N104) -> 0 | Z104: =SUM(P104:Y104) -> 0 | AA104: =O104-Z104 -> 0 | AD104: L-17
C105: Other | O105: =SUM(D105:N105) -> 0 | Z105: =SUM(P105:Y105) -> 0 | AA105: =O105-Z105 -> 0
C106: TOTAL | D106: =SUM(D87:D105) -> 509708 | E106: =SUM(E87:E105) -> 180186 | F106: =SUM(F87:F105) -> 51000 | G106: =SUM(G87:G105) -> 95615 | H106: =SUM(H87:H105) -> 5040 | I106: =SUM(I87:I105) -> 0 | J106: =SUM(J87:J105) -> 0 | K106: =SUM(K87:K105) -> 0 | ... AA106: =SUM(AA87:AA105) -> 608037
D111: Signature of Employee | AA111: Signature of DDO

Sheet Other Deduction
A1: Details of Deductions, Income/Deposits and Exemptions Other Than Salary
A2: =Salary!L81& " , " &Salary!L83&" PAN - "&Salary!E83 -> Parmanand Meghwal , TEACHER PAN -
A3: 1. House Rent | B3: 42600 | C3: 19 | D3: 80TTA/80TTB Maximum Interest on Savings Account | E3: 0 | F3: BASIC+D.A. | DR3: UPS Kuhada Khurd
A4: 2. Entertainment Allowance | B4: 0 | C4: 20 | D4: Income Of Other Source (Bank FD, Interest etc) | E4: 20000 | F4: =Salary!D106+Salary!E106 -> 689894
A5: 3. Expenditure tax under section 16(III) | B5: 0 | C5: 21 | D5: 80C - Other Deductions In Under Section | E5: 0 | F5: Taxable Amt
A6: 4. Income from House Property | B6: 0 | C6: 22 | D6: (80CCC) Contribution to Pension Plan - Other Than NPS | E6: 0 | F6: ='Tax Old Regime'!P49 -> 364840
A7: 5. House Tax | B7: 0 | C7: 23 | D7: 80CCD(1B) Additional Contribution in NPS - (Max. 50000) | E7: 50000 | F7: Tax Deposited
A8: 6. Home Loan Principal Amount | B8: 0 | C8: 24 | D8: 23. 80D Medical Insurance Premium | E8: 0 | F8: =Salary!X106 -> 60000
A9: 7. Interest of House Loan | B9: 200000 | C9: 25 | D9: 80DD Medical treatment of dependents with disabilities | E9: 0 | F9: Rebate Under Section 80C, 80CCC, 80CCD(1)
A10: 8. LIC - Life Insurance (Other Than Salary) | B10: 0 | C10: 26 | D10: 80DDB Deduction for treatment of specific diseases | E10: 0 | DR10: UPS Banediya Charnan
A11: 9. PLI | B11: 0 | C11: 27 | D11: 80E Interest on loan taken for higher education | E11: 0 | DR11: UPS Laxmipura Dhakaran
A12: 10. Tution Fees | B12: 0 | C12: 28 | D12: 80G Donations given to charitable institutions etc. | E12: 0 | F12: ='Tax Old Regime'!P33 -> 68297 | DR12: UPS Pathraj Kala
A13: 11. ULIP / Annual Plan | B13: 0 | C13: 29 | D13: 80U In case of permanent physical disability | E13: 0
A14: 12. NSC - National Savings Certificate | B14: 0 | C14: 30 | D14: 80GGA Donations given for approved scientific, social, rural development etc. | E14: 0 | F14: Receipt Required for House Rent Exemption | DR14: PS Aarampura
A15: 13. Interest of NSC | B15: 0 | C15: 31 | D15: Equity Linked Savings Scheme | E15: 0 | DR15: UPS Laxmipura Dhakaran
A16: 14. PPF -Public Provident Fund | B16: 0 | C16: 32 | D16: Defferred Annuty | E16: 0 | DR16: UPS Raghunathpura
A17: 15. NSS -National Savings Scheme | B17: 0 | C17: 33 | D17: Relief under section 89 | E17: 0 | F17: =IF(B3>=1,(F4*10%+B3),0) -> 111589.4 | DR17: UPS Manda
A18: 16. Sukanya Samriddhi Yojana | B18: 0 | C18: 34 | D18: TDS - Income tax deposited in addition to salary bill | E18: 0 | DR18: UPS Sandla
A19: 17. Family Pension (Income) | B19: 14000 | C19: 35 | D19: =IF(Salary!S2="BORDER ALLOWANCE","Border Allowance","Hill Allowance") -> Hill Allowance | E19: 3600
A20: 18. Family Pension (Reabate) | B20: 15000 | C20: 36
A21: ='Tax Old Regime'!A65 -> Income Tax Refundable | D21: ='Tax Old Regime'!P65 -> 60000 | E21: HRA | F21: =Salary!F106 -> 51000 | DR21: UPS Ramsinghpura
A22: ="Total Rebate of (US 80C, 80CCC,80CCD(1)) = "&'Tax Old Regime'!P33 -> Total Rebate of (US 80C, 80CCC,80CCD(1)) = 68297 | D22: ="Investable Amount = "&(150000-'Tax Old Regime'!P33) -> Investable Amount = 81703 | DR22: GSS Ganeshganj
A23: DOWNLOD TAX SOFTWARE - RAJTEACHERS.NET
A24: CREATED BY : PARMANAND MEGHWAL SENIOR TEACHER (9784379510) , BARAN RAJASTHAN.

Sheet Tax Old Regime
A1: =Salary!C79 -> Agriculture Department, Uttarakhand
A2: Income Tax Computation Year 2022-2023 (Assessment Year 2023-2024)
A3: 1 | B3: Name | D3: =Salary!L81 -> Parmanand Meghwal | J3: Designation | K3: =Salary!L83 -> TEACHER | N3: PAN : | O3: =Salary!D83 -> ABCDW1223U
A4: 2 | B4: Total Income from Salary | O4: Rs | P4: =Salary!O106 -> 855949
A5: 3 | B5: Family Pension (Income) | O5: Rs | P5: ='Other Deduction'!B19 -> 14000
A6: 4 | B6: House Rent, Under Section 10(13-A) | O6: Rs | P6: ='Other Deduction'!B3 -> 42600
A7: 5 | B7: =IF(Salary!S2="BORDER ALLOWANCE","Border Allowance","Hill Allowance") -> Hill Allowance | E7: Other Allowances Under Section 10(14) which are Exempt from tax. | O7: Rs | P7: ='Other Deduction'!E19 -> 3600
A8: 6 | B8: Remanent (2+3)-(4+5) | O8: Rs | P8: =P4+P5-P6-P7 -> 823749
A9: 7 | B9: (i) Entertainment Allowance 16(II) (Maximum limit Rs.5000) | L9: ='Other Deduction'!B4 -> 0 | O9: Rs
B10: (ii) Expenditure tax under section 16(III) | L10: ='Other Deduction'!B5 -> 0 | O10: Rs
B11: (iii) Rebate On Family Pension 57(iia) | L11: ='Other Deduction'!B20 -> 15000 | O11: Rs
B12: (iv) Standard Deduction (Maximum limit Rs.50000) | L12: =IF(P8<50000,P8,50000) -> 50000 | O12: Rs | P12: =SUM(L9:N12) -> 65000
A13: 8 | B13: Remanent (6-7) | O13: Rs | P13: =P8-P12 -> 758749
A14: 9 | B14: (A) Income from House Property: (1) In Own Use - Nil | J14: (2) Rent Received is Rs. | L14: ='Other Deduction'!B6 -> 0
B15: (B) Subtract | D15: Rent of 30% | G15: Interest of House Loan | J15: House Tax | L15: Total
D16: =ROUND(L14*0.3,0) -> 0 | G16: =IF('Other Deduction'!B9>200000,200000,'Other Deduction'!B9) -> 200000 | J16: ='Other Deduction'!B7 -> 0 | L16: =D16+G16+J16 -> 200000
B17: Remainder -/+ (sum of 9(A) and 7(B) | O17: Rs | P17: =L14-L16 -> -200000
A18: 10 | B18: Total Balance -/+ (8 & 9) | O18: Rs | P18: =P13+P17 -> 558749
A19: 11 | B19: Other Income (Interest On Bank Account/Post Office Saving Bank Account) | O19: Rs | P19: ='Other Deduction'!E3+'Other Deduction'!E4 -> 20000
A20: 12 | B20: Gross Income (10+11) | O20: Rs | P20: =P18+P19 -> 578749
A21: 13 | B21: Deduct Deduction Under Section US - 80C, 80CCC,80CCD (1)
B22: (A) - Maximum limit 1,50,000 & Under Section (80CCE) Except
B23: 1 | C23: NPS (New Pension Scheme) | G23: Rs | H23: =IF(Salary!D2="Yes",Salary!P106,0) -> 68297 | I23: 10 | J23: Contribution to Pension Plan (80CCC) | M23: Rs | N23: ='Other Deduction'!E6 -> 0
B24: 2 | C24: LIC - Life Insurance | G24: Rs | H24: =Salary!T106+'Other Deduction'!B10 -> 0 | I24: 11 | J24: Interest paid on National Savings Certificate | M24: Rs | N24: ='Other Deduction'!B15 -> 0
B25: 3 | C25: NSC - National Savings Certificate | G25: Rs | H25: ='Other Deduction'!B14 -> 0 | I25: 12 | J25: Tution Fees | M25: Rs | N25: ='Other Deduction'!B12 -> 0
B26: 4 | C26: PPF -Public Provident Fund | G26: Rs | H26: ='Other Deduction'!B16 -> 0 | I26: 13 | J26: Equity Linked Savings Scheme | M26: Rs | N26: ='Other Deduction'!E15 -> 0
B27: 5 | C27: NSS -National Savings Scheme | G27: Rs | H27: ='Other Deduction'!B17 -> 0 | I27: 14 | J27: Defferred Annuty | M27: Rs | N27: ='Other Deduction'!E16 -> 0
B28: 6 | C28: GPF -Public provident fund | G28: Rs | H28: =IF(Salary!D2="No",Salary!P106,0) -> 0 | I28: 15 | J28: PLI | M28: Rs | N28: ='Other Deduction'!B11 -> 0
B29: 7 | C29: Group Insurance | G29: Rs | H29: =Salary!R106 -> 0 | I29: 16 | J29: Other Deductions - (80C) | M29: Rs | N29: ='Other Deduction'!E5 -> 0
B30: 8 | C30: ULIP / Annual Plan | G30: Rs | H30: ='Other Deduction'!B13 -> 0 | I30: 17 | J30: Sukanya Samriddhi Yojana | M30: Rs | N30: ='Other Deduction'!B18 -> 0
B31: 9 | C31: HBA Premium -Home Loan Principal Amount | G31: Rs | H31: ='Other Deduction'!B8 -> 0 | I31: 18 | M31: Rs
B32: Total (1 To 18) | M32: Rs | N32: =SUM(H23:H31)+SUM(N23:N31) -> 68297
B33: Maximum Deduction Amount Up to Rs 1.50 lakh | O33: Rs | P33: =IF(N32<150001,ROUND(N32,0),150000) -> 68297
B34: (B) Less - Section 80CCD(2) The Amount of Pension Contribution by the Employer (14% of the Maximum Salary) Separately exempted | O34: Rs | P34: =IF(Salary!D2="yes",Salary!Q106,0) -> 95615
B35: (C) Less - Section 80CCD (1B) Additional Contribution to New Pension Scheme (Maximum Rs.50,000) | O35: Rs | P35: ='Other Deduction'!E7 -> 50000
B36: Total (A+B+C) | P36: =P33+P34+P35 -> 213912
A37: 14 | B37: Other Deductions
B38: 1. Section 80D Medical Insurance Premium (Rs. 25000 for Self, Spouse and Children, Rs. 25000 for Parents, Rs. 50000 for Senior Citizen) | O38: Rs | P38: ='Other Deduction'!E8 -> 0
B39: 2. Section 80DD Medical Treatment of dependents with Disabilities (maximum 75,000 and 80% or more disability 125,000) | O39: Rs | P39: ='Other Deduction'!E9 -> 0
B40: 3. Section 80DDB Deduction for Treatment of Specific Diseases (Maximum Rs.40,000, Rs.100,000 for Senior Citizen) | O40: Rs | P40: ='Other Deduction'!E10 -> 0
B41: 4. Section 80E Interest on Loan taken for Higher Education | O41: Rs | P41: ='Other Deduction'!E11 -> 0
B42: 5. Section 80G Donations given to Charitable Institutions etc. (100 percent in A category and 50 percent in B category) | O42: Rs | P42: ='Other Deduction'!E12 -> 0
B43: 6. Section 80U In case of Permanent Physical Disability (maximum 75,000 and 125,000 as per the 1995 Act) | O43: Rs | P43: ='Other Deduction'!E13 -> 0
B44: 7. Section 80TTA Maximum Interest on Savings Account is Rs. 10,000 194(IA) 80 TTB Senior Citizen (Maximum Interest Rs.50000) | O44: Rs | P44: =IF(Salary!R4="Yes",IF('Other Deduction'!E3<50001,'Other Deduction'!E3,50000),IF('Other Deduction'!E3<10001,'Other Deduction'!E3,10000)) -> 0
B45: 8. Section 80GGA Donations given for Approved Scientific, Social, Rural Development etc. | O45: Rs | P45: ='Other Deduction'!E14 -> 0
B46: Grand Total (1 to 8) | O46: Rs | P46: =SUM(P38:P45) -> 0
A47: 15 | B47: Total Deductions ( 13 + 14) | O47: Rs | P47: =P36+P46 -> 213912
A48: 16 | B48: Taxable Income (12-15) | O48: Rs | P48: =(P20-P47) -> 364837
A49: 17 | B49: Rounding off the Amount of total Income (in Multiples of Ten) Section 288A | O49: Rs | P49: =ROUND(P48,-1) -> 364840
A50: 18 | B50: Calculation of income tax on the basis of column 15 above
B51: One Person Tax Payer | G51: Senior Citizen (60 to 80 years) | K51: 80 years of age or Older
B52: Up to 2,50,000 | E52: Nil | G52: Up to 3,00,000 | J52: Nil | O52: Rs | P52: 0
B53: 2,50,001-5,00,000 | E53: 0.05 | G53: 3,00,001-5,00,000 | J53: 0.05 | K53: Up to 5,00,000 | N53: Nil | O53: Rs | P53: =ROUND(IF(Salary!I3="No",IF(P49<250001,0,IF(P49>500000,12500,((P49-250000)*0.05))),IF(P49<300001,0,IF(P49>500000,10000,((P49-300000)*0.05)))),0) -> 5742
B54: 5,00,001-10,00,000 | E54: 0.2 | G54: 5,00,001-10,00,000 | J54: 0.2 | K54: 5,00,001-10,00,000 | N54: 0.2 | O54: Rs | P54: =IF(P49<500001,0,IF(P49>1000000,100000,((P49-500000)*0.2))) -> 0
B55: More Than 10,00,000 | E55: 0.3 | G55: More Than 10,00,000 | J55: 0.3 | K55: More Than 10,00,000 | N55: 0.3 | O55: Rs | P55: =IF(P49<1000001,0,((P49-1000000)*0.3)) -> 0
B56: (1) Total Incometax | O56: Rs | P56: =SUM(P52:P55) -> 5742
B57: (2) Exemption section 87(I) (exemption of income tax on taxable income of Rs.2.50 lakh to Rs.5.00 lakh subject to a maximum of Rs.12500) | O57: Rs | P57: =IF(P49>500000,0,IF(P56<12501,P56,12500)) -> 5742
B58: (3) Balance Income Tax | O58: Rs | P58: =P56-P57 -> 0
B59: (4) Education cess 2% and surcharge for higher education 2% (Total 4%) | O59: Rs | P59: =ROUND(P58*0.04,0) -> 0
B60: Total Incometax (3+4) | O60: Rs | P60: =SUM(P58:P59) -> 0
A61: 19 | B61: Subtract:- Relief under section 89 | O61: Rs | P61: ='Other Deduction'!E17 -> 0
A62: 20 | B62: Total Balance Income Tax | O62: Rs | P62: =P60-P61 -> 0
A63: 21 | B63: Details of Income Tax Deductions | E63: Up to September 2022 | I63: Up to December 2022 | K63: Up to January 2023 | L63: Up to February 2023 | N63: T.D.S | O63: Total Tax Deduction
E64: =SUM(Salary!X87:X93) -> 35000 | I64: =SUM(Salary!X94:X96) -> 15000 | K64: =Salary!X97 -> 5000 | L64: =Salary!X98 -> 5000 | N64: =SUM(Salary!X99:X105)+'Other Deduction'!E18 -> 0 | O64: =E64+I64+K64+L64+N64 -> 60000
A65: =IF(P62>O64,"Income Tax Payable",IF(P62<O64,"Income Tax Refundable","Income Tax Payble/Refundable")) -> Income Tax Refundable | O65: Rs | P65: =IF(P62>O64,P62-O64,O64-P62) -> 60000
B67: Signature of Employee | L67: Signature of DDO

Sheet Tax New Regime 
A1: =Salary!C79 -> Agriculture Department, Uttarakhand
A2: Income Tax Computation Year 2022-2023 (Assessment Year 2023-2024)
A3: 1 | B3: Name | D3: =Salary!L81 -> Parmanand Meghwal | J3: Designation | K3: =Salary!L83 -> TEACHER | N3: PAN : | O3: =Salary!D83 -> ABCDW1223U
A4: 2 | B4: Total Income from Salary | O4: Rs | P4: =Salary!O106 -> 855949
A5: 3 | B5: Family Pension (Income) | O5: Rs | P5: 0
A6: 4 | B6: House Rent, Under Section 10(13-A) | O6: Rs | P6: 0
A7: 5 | B7: =IF(Salary!S2="BORDER ALLOWANCE","Border Allowance","Hill Allowance") -> Hill Allowance | E7: Other Allowances Under Section 10(14) which are Exempt from tax. | O7: Rs | P7: 0
A8: 6 | B8: Remanent (2+3)-(4+5) | O8: Rs | P8: =P4+P5-P6-P7 -> 855949
A9: 7 | B9: (i) Entertainment Allowance 16(II) (Maximum limit Rs.5000) | L9: ='Other Deduction'!B4 -> 0 | O9: Rs
B10: (ii) Expenditure tax under section 16(III) | L10: ='Other Deduction'!B5 -> 0 | O10: Rs
B11: (iii) Rebate On Family Pension 57(iia) | L11: 0 | O11: Rs
B12: (iv) Standard Deduction (Maximum limit Rs.50000) | L12: 0 | O12: Rs | P12: =SUM(L9:N12) -> 0
A13: 8 | B13: Remanent (6-7) | O13: Rs | P13: =P8-P12 -> 855949
A14: 9 | B14: (A) Income from House Property: (1) In Own Use - Nil | J14: (2) Rent Received is Rs. | L14: ='Other Deduction'!B6 -> 0
B15: (B) Subtract | D15: Rent of 30% | G15: Interest of House Loan | J15: House Tax | L15: Total
D16: =ROUND(L14*0.3,0) -> 0 | G16: 0 | J16: ='Other Deduction'!B7 -> 0 | L16: =D16+G16+J16 -> 0
B17: Remainder -/+ (sum of 9(A) and 7(B) | O17: Rs | P17: 0
A18: 10 | B18: Total Balance -/+ (8 & 9) | O18: Rs | P18: =P13+P17 -> 855949
A19: 11 | B19: Other Income (Interest On Bank Account/Post Office Saving Bank Account) | O19: Rs | P19: ='Other Deduction'!E3+'Other Deduction'!E4 -> 20000
A20: 12 | B20: Gross Income (10+11) | O20: Rs | P20: =P18+P19 -> 875949
A21: 13 | B21: Deduct Deduction Under Section US - 80C, 80CCC,80CCD (1)
B22: (A) - Maximum limit 1,50,000 & Under Section (80CCE) Except
B23: 1 | C23: NPS (New Pension Scheme) | G23: Rs | H23: =IF(Salary!D2="Yes",Salary!P106,0) -> 68297 | I23: 10 | J23: Contribution to Pension Plan (80CCC) | M23: Rs | N23: ='Other Deduction'!E6 -> 0
B24: 2 | C24: LIC - Life Insurance | G24: Rs | H24: =Salary!T106+'Other Deduction'!B10 -> 0 | I24: 11 | J24: Interest paid on National Savings Certificate | M24: Rs | N24: ='Other Deduction'!B15 -> 0
B25: 3 | C25: NSC - National Savings Certificate | G25: Rs | H25: ='Other Deduction'!B14 -> 0 | I25: 12 | J25: Tution Fees | M25: Rs | N25: ='Other Deduction'!B12 -> 0
B26: 4 | C26: PPF -Public Provident Fund | G26: Rs | H26: ='Other Deduction'!B16 -> 0 | I26: 13 | J26: Equity Linked Savings Scheme | M26: Rs | N26: ='Other Deduction'!E15 -> 0
B27: 5 | C27: NSS -National Savings Scheme | G27: Rs | H27: ='Other Deduction'!B17 -> 0 | I27: 14 | J27: Defferred Annuty | M27: Rs | N27: ='Other Deduction'!E16 -> 0
B28: 6 | C28: GPF -Public provident fund | G28: Rs | H28: =IF(Salary!D2="No",Salary!P106,0) -> 0 | I28: 15 | J28: PLI | M28: Rs | N28: ='Other Deduction'!B11 -> 0
B29: 7 | C29: Group Insurance | G29: Rs | H29: =Salary!R106 -> 0 | I29: 16 | J29: Other Deductions - (80C) | M29: Rs | N29: ='Other Deduction'!E5 -> 0
B30: 8 | C30: ULIP / Annual Plan | G30: Rs | H30: ='Other Deduction'!B13 -> 0 | I30: 17 | J30: Sukanya Samriddhi Yojana | M30: Rs | N30: ='Other Deduction'!B18 -> 0
B31: 9 | C31: HBA Premium -Home Loan Principal Amount | G31: Rs | H31: ='Other Deduction'!B8 -> 0 | I31: 18 | M31: Rs
B32: Total (1 To 18) | M32: Rs | N32: =SUM(H23:H31)+SUM(N23:N31) -> 68297
B33: Maximum Deduction Amount Up to Rs 1.50 lakh | O33: Rs | P33: 0
B34: (B) Less - Section 80CCD(2) The Amount of Pension Contribution by the Employer (14% of the Maximum Salary) Separately exempted | O34: Rs | P34: =IF(Salary!D2="yes",Salary!Q106,0) -> 95615
B35: (C) Less - Section 80CCD (1B) Additional Contribution to New Pension Scheme (Maximum Rs.50,000) | O35: Rs | P35: ='Other Deduction'!E7 -> 50000
B36: Total (A+B+C) | P36: =P33+P34+P35 -> 145615
A37: 14 | B37: Other Deductions
B38: 1. Section 80D Medical Insurance Premium (Rs. 25000 for Self, Spouse and Children, Rs. 25000 for Parents, Rs. 50000 for Senior Citizen) | O38: Rs | P38: ='Other Deduction'!E8 -> 0
B39: 2. Section 80DD Medical Treatment of dependents with Disabilities (maximum 75,000 and 80% or more disability 125,000) | O39: Rs | P39: ='Other Deduction'!E9 -> 0
B40: 3. Section 80DDB Deduction for Treatment of Specific Diseases (Maximum Rs.40,000, Rs.100,000 for Senior Citizen) | O40: Rs | P40: ='Other Deduction'!E10 -> 0
B41: 4. Section 80E Interest on Loan taken for Higher Education | O41: Rs | P41: ='Other Deduction'!E11 -> 0
B42: 5. Section 80G Donations given to Charitable Institutions etc. (100 percent in A category and 50 percent in B category) | O42: Rs | P42: ='Other Deduction'!E12 -> 0
B43: 6. Section 80U In case of Permanent Physical Disability (maximum 75,000 and 125,000 as per the 1995 Act) | O43: Rs | P43: ='Other Deduction'!E13 -> 0
B44: 7. Section 80TTA Maximum Interest on Savings Account is Rs. 10,000 194(IA) 80 TTB Senior Citizen (Maximum Interest Rs.50000) | O44: Rs | P44: =IF(Salary!R4="Yes",IF('Other Deduction'!E3<50001,'Other Deduction'!E3,50000),IF('Other Deduction'!E3<10001,'Other Deduction'!E3,10000)) -> 0
B45: 8. Section 80GGA Donations given for Approved Scientific, Social, Rural Development etc. | O45: Rs | P45: ='Other Deduction'!E14 -> 0
B46: Grand Total (1 to 8) | O46: Rs | P46: 0
A47: 15 | B47: Total Deductions ( 13 + 14) | O47: Rs | P47: =P36+P46 -> 145615
A48: 16 | B48: Taxable Income (12-15) | O48: Rs | P48: =(P20-P47) -> 730334
A49: 17 | B49: Rounding off the Amount of total Income (in Multiples of Ten) Section 288A | O49: Rs | P49: =ROUND(P48,-1) -> 730330
A50: 18 | B50: Calculation of income tax on the basis of column 15 above
B51: One Person Tax Payer | G51: Senior Citizen (60 to 80 years) | K51: 80 years of age or Older
B52: Up to 2,50,000 | E52: Nil | G52: Up to 2,50,000 | J52: Nil | K52: Up to 2,50,000 | N52: Nil | O52: Rs | P52: 0
B53: 2,50,001-5,00,000 | E53: 0.05 | G53: 2,50,001-5,00,000 | J53: 0.05 | K53: 2,50,001-5,00,000 | N53: 0.05 | O53: Rs | P53: =ROUND(IF(Salary!I3="No",IF(P49<250001,0,IF(P49>500000,12500,((P49-250000)*0.05))),IF(P49<300001,0,IF(P49>500000,10000,((P49-300000)*0.05)))),0) -> 12500
B54: 5,00,001-7,50,0,000 | E54: 0.1 | G54: 5,00,001-7,50,0,000 | J54: 0.1 | K54: 5,00,001-7,50,0,000 | N54: 0.1 | O54: Rs | P54: =IF(P49<500001,0,IF(P49>750000,25000,((P49-500000)*0.1))) -> 23033
B55: 7,50,001-10,00,000 | E55: 0.15 | G55: 7,50,001-10,00,000 | J55: 0.15 | K55: 7,50,001-10,00,000 | N55: 0.15 | O55: Rs | P55: =IF(P49<750001,0,IF(P49>1000000,37500,((P49-750000)*0.15))) -> 0
B56: 10,00,001-12,50,000 | E56: 0.2 | G56: 10,00,001-12,50,000 | J56: 0.2 | K56: 10,00,001-12,50,000 | N56: 0.2 | O56: Rs | P56: =IF(P49<1000001,0,IF(P49>1250000,50000,((P49-1000000)*0.2))) -> 0
B57: 12,50,001-15,00,000 | E57: 0.25 | G57: 12,50,001-15,00,000 | J57: 0.25 | K57: 12,50,001-15,00,000 | N57: 0.25 | O57: Rs | P57: =IF(P49<1250001,0,IF(P49>1500000,62500,((P49-1250000)*0.25))) -> 0
B58: More Than 15,00,000 | E58: 0.3 | G58: More Than 15,00,000 | J58: 0.3 | K58: More Than 15,00,000 | N58: 0.3 | O58: Rs | P58: =IF(P49<1500001,0,((P49-1500000)*0.3)) -> 0
B59: (1) Total Incometax | O59: Rs | P59: =SUM(P54:P58) -> 23033
B60: (2) Exemption section 87(I) (exemption of income tax on taxable income of Rs.2.50 lakh to Rs.5.00 lakh subject to a maximum of Rs.12500) | O60: Rs | P60: =IF(P49>500000,0,IF(P59<12501,P59,12500)) -> 0
B61: (3) Balance Income Tax | O61: Rs | P61: =P59-P60 -> 23033
B62: (4) Education cess 2% and surcharge for higher education 2% (Total 4%) | O62: Rs | P62: =ROUND(P61*0.04,0) -> 921
B63: Total Incometax (3+4) | O63: Rs | P63: =SUM(P61:P62) -> 23954
A64: 19 | B64: Subtract:- Relief under section 89 | O64: Rs | P64: ='Other Deduction'!E17 -> 0
A65: 20 | B65: Total Balance Income Tax | O65: Rs | P65: =P63-P64 -> 23954
A66: 21 | B66: Details of Income Tax Deductions | E66: Up to September 2022 | I66: Up to December 2022 | K66: Up to January 2023 | L66: Up to February 2023 | N66: T.D.S | O66: Total Tax Deduction
E67: =SUM(Salary!X87:X93) -> 35000 | I67: =SUM(Salary!X94:X96) -> 15000 | K67: =Salary!X97 -> 5000 | L67: =Salary!X98 -> 5000 | N67: =SUM(Salary!X99:X105)+'Other Deduction'!E18 -> 0 | O67: =E67+I67+K67+L67+N67 -> 60000
A68: =IF(P65>O67,"Income Tax Payable",IF(P65<O67,"Income Tax Refundable","Income Tax Payble/Refundable")) -> Income Tax Refundable | O68: Rs | P68: =IF(P65>O67,P65-O67,O67-P65) -> 36046
B70: Signature of Employee | L70: Signature of DDO
